AoeStats
← Soldier

Oasis

510108336Analyzed
4v4 RM · 2d ago on Sep 29, 2026· 53m 26s· 8 players
Game mode
Random Map
Map size
Large (8 player)
Population
200
Speed
Normal
Resources
Standard
Victory
Conquest
Starting age
Dark Age
Ending age
Imperial Age
RankedLock teamsTeams togetherTeam positionsShared explorationLock speedFull tech treeHidden civsTurbo modeCheats
Victory
Defeat
🇨🇳 Huns · China
966
+11
🇹🇷 Persians · Türkiye
961
+11
🇧🇪 Portuguese · Belgium
914
+13
🇨🇳 Khmer · China
843
+16
🇨🇳 Burgundians · China
878
-14
🇨🇳 Magyars · China
848
-13
🇨🇳 Mongols · China
841
-12
🇨🇳 Persians · China
826
-12
Roberto_Panini
6:16 Loom
11:51 Feudal Age
20:45 Castle Age
19:05 Town Watch
20:04 Horse Collar
20:13 Double-Bit Axe
21:40 Fletching
21:54 Pikeman
28:39 Padded Archer Armor
30:44 Scale Mail Armor
35:19 Imperial Age
37:15 Halberdier
42:08 Wheelbarrow
44:17 Forging
44:14 Scale Barding Armor
46:26 Elite Organ Gun
Soldier
0:35 Loom
12:14 Feudal Age
13:06 Horse Collar
13:15 Double-Bit Axe
15:05 Wheelbarrow
21:50 Castle Age
23:34 Hand Cart
23:32 Bow Saw
28:14 Stone Mining
28:14 Gold Mining
31:24 Caravan
36:47 Imperial Age
36:00 Stone Shaft Mining
36:01 Gold Shaft Mining
38:14 Chemistry
39:07 Conscription
38:57 Citadels
38:08 Elite War Elephant
39:55 Forging
39:45 Scale Mail Armor
39:51 Scale Barding Armor
41:05 Two-Man Saw
44:11 Cavalier
44:51 Husbandry
46:17 Iron Casting
45:57 Chain Mail Armor
46:02 Chain Barding Armor
49:01 Murder Holes
48:57 Heated Shot
49:27 Ballistics
50:11 Blast Furnace
49:41 Plate Mail Armor
49:46 Plate Barding Armor
49:12 Padded Archer Armor
49:06 Fletching
52:09 Savar
52:59 Bloodlines
喧哗的都已沙哑
5:47 Loom
14:30 Feudal Age
15:23 Gold Mining
15:15 Horse Collar
15:24 Double-Bit Axe
18:17 Castle Age
18:31 Bloodlines
18:29 Scale Barding Armor
18:35 Forging
20:28 Husbandry
20:50 Chain Barding Armor
21:06 Iron Casting
21:28 Marauders
22:25 Gold Shaft Mining
22:50 Wheelbarrow
40:15 Imperial Age
40:26 Hand Cart
40:23 Elite Tarkan
41:37 Conscription
42:41 Blast Furnace
42:55 Plate Barding Armor
Eleven
4:10 Loom
13:29 Feudal Age
48:09 Double-Bit Axe
阿炳弟弟
12:02 Feudal Age
12:27 Double-Bit Axe
12:45 Stone Mining
13:41 Gold Mining
17:14 Wheelbarrow
16:55 Horse Collar
22:59 Castle Age
22:15 Forging
21:55 Fletching
22:06 Padded Archer Armor
22:15 Scale Barding Armor
22:58 Bloodlines
23:52 Bodkin Arrow
24:47 Leather Archer Armor
24:56 Heavy Plow
25:37 Murder Holes
39:07 Masonry
41:03 Gold Shaft Mining
43:34 Iron Casting
43:21 Chain Barding Armor
46:38 Ballistics
46:32 Thumb Ring
48:56 Stone Shaft Mining
最长一枪
8:49 Loom
11:31 Feudal Age
13:20 Wheelbarrow
12:35 Double-Bit Axe
13:37 Horse Collar
16:13 Scale Barding Armor
23:55 Castle Age
23:43 Bloodlines
24:26 Gold Mining
24:59 Husbandry
32:30 Bow Saw
37:47 Chain Barding Armor
36:56 Pikeman
40:05 Gold Shaft Mining
39:22 Stone Mining
44:12 Imperial Age
42:09 Heavy Plow
42:45 Corvinian Army
43:09 Hand Cart
46:54 Plate Barding Armor
46:21 Scale Mail Armor
45:58 Cavalier
hh29
0:39 Loom
11:36 Feudal Age
12:19 Double-Bit Axe
16:04 Bow Saw
20:54 Castle Age
19:46 Forging
19:36 Gold Mining
20:38 Scale Barding Armor
21:07 Cavalier
21:49 Husbandry
23:26 Two-Man Saw
24:47 Iron Casting
25:15 Wheelbarrow
27:42 Chain Barding Armor
30:44 Town Watch
30:46 Horse Collar
32:53 Stone Mining
34:05 Fletching
34:39 Ballistics
34:52 Heavy Plow
35:19 Hand Cart
35:41 Masonry
35:14 Treadmill Crane
36:34 Bodkin Arrow
40:45 Gold Shaft Mining
42:46 Imperial Age
41:20 Murder Holes
43:11 Scale Mail Armor
42:47 Light Cavalry
44:30 Blast Furnace
43:02 Paladin
47:03 Plate Barding Armor
49:48 Architecture
49:30 Hussar
hondayu
11:25 Feudal Age
15:59 Castle Age
14:17 Double-Bit Axe
15:27 Bloodlines
16:22 Scale Barding Armor
19:38 Forging
24:28 Chain Barding Armor
26:06 Horse Collar
26:40 Bow Saw
28:52 Iron Casting
30:43 Heavy Plow
30:46 Fletching
37:03 Wheelbarrow
36:14 Town Watch
41:07 Imperial Age
39:26 Squires
39:12 Gambesons
38:47 Pikeman
40:16 Scale Mail Armor
40:14 Bodkin Arrow
40:48 Halberdier
41:48 Chain Mail Armor
42:13 Conscription
48:35 Blast Furnace
50:36 Plate Mail Armor
Connection lost

Rejoining the realm…

Still unreachable

The connection could not be restored.

Session expired

The server has moved on; the page needs a fresh start.